NCAA
VILLANOVA WILDCATS @ CALIFORNIA GOLDEN BEARS
05/04/2024
 
TOP OF THE 1ST
Villanova Wildcats batting - Pitching for California Golden Bears : RHP Steve Deal
Pitching: RHP Steve Deal
Batting: RHB Tomás Carranza 0-0: Called Strike
0-1: SINGLE (Groundball, 56D)
Batting: SHB Harry Goff 0-0: Ball
1-0: Ball
2-0: SINGLE (Groundball, 3S)
Tomás Carranza to second
Runner from 2nd tries for 3rd, OUT!
Harry Goff to second
Batting: RHB Ben Hall 0-0: Called Strike
0-1: Ball
1-1: Ball
2-1: Foul Ball, location: 2F
2-2: Strikes out swinging
Batting: RHB Luis Ibarra 0-0: Called Strike
0-1: Foul Ball, location: 2F
0-2: Ball
1-2: Strikes out looking
Top of the 1st over - 0 run(s), 2 hit(s), 0 error(s), 1 left on base; Villanova 0 - California 0
BOTTOM OF THE 1ST
California Golden Bears batting - Pitching for Villanova Wildcats : RHP Royce Saunders
Pitching: RHP Royce Saunders
Batting: LHB Noah Gillespie 0-0: Called Strike
0-1: Ball
1-1: Swinging Strike
1-2: Foul Ball, location: 2F
1-2: Strikes out swinging
Batting: RHB Júlio López 0-0: Foul Ball, location: 2F
0-1: Ball
1-1: Ball
2-1: Bunted foul
2-2: Foul Ball, location: 2F
2-2: Fly out, F9 (Popup, 9S)
Batting: SHB Chris Woods 0-0: Fly out, F9 (Flyball, 9M)
Bottom of the 1st over - 0 run(s), 0 hit(s), 0 error(s), 0 left on base; Villanova 0 - California 0
TOP OF THE 2ND
Villanova Wildcats batting - Pitching for California Golden Bears : RHP Steve Deal
Batting: RHB Gunner Allen 0-0: Foul Ball, location: 2F
0-1: Ground out 5-3 (Groundball, 5)
Batting: LHB Al Bartlett 0-0: Foul Ball, location: 2F
0-1: Foul Ball, location: 2F
0-2: Ball
1-2: Strikes out swinging
Batting: RHB Ken Craft 0-0: Called Strike
0-1: Foul Ball, location: 2F
0-2: Ball
1-2: Foul Ball, location: 2F
1-2: Foul Ball, location: 2F
1-2: Reached on error, E5 (Groundball, 56)
Batting: LHB Steven Smith 0-0: Called Strike
0-1: Ball
1-1: Foul Ball, location: 2F
1-2: Ground out 4-3 (Groundball, 4)
Top of the 2nd over - 0 run(s), 0 hit(s), 1 error(s), 1 left on base; Villanova 0 - California 0
BOTTOM OF THE 2ND
California Golden Bears batting - Pitching for Villanova Wildcats : RHP Royce Saunders
Batting: LHB Sergio Fernández 0-0: Ball
1-0: Ball
2-0: Ball
3-0: Base on Balls
Batting: RHB Phil Garne 0-0: Called Strike
0-1: Swinging Strike
0-2: SINGLE (Line Drive, 6MD)
Sergio Fernández to second
Batting: RHB Marv Shepard 0-0: Ball
1-0: SINGLE (Groundball, 56D)
Sergio Fernández to third
Phil Garne to second
Batting: RHB Richard Stroud 0-0: Ball
1-0: SINGLE (Groundball, 4D)
Sergio Fernández scores
Phil Garne to third
Marv Shepard to second
Runner from 3rd tries for Home, SAFE, throw made home
Batting: RHB Robin Dobson 0-0: Ball
1-0: Called Strike
1-1: Foul Ball, location: 2F
1-2: SINGLE (Groundball, 34D)
Marv Shepard to third
Richard Stroud to second
Batting: SHB Jeff McGill 0-0: Ball
1-0: Foul Ball, location: 2F
1-1: Called Strike
1-2: Ball
2-2: Foul Ball, location: 2F
2-2: Ball
3-2: Foul Ball, location: 2F
3-2: Fly out, F6 (Popup, 6D)
Batting: LHB Noah Gillespie 0-0: Called Strike
0-1: Fly out, F7 (Flyball, 78D)
Runner from 3rd tags up, SCORES, no throw
Batting: RHB Júlio López 0-0: Ball
1-0: Ball
2-0: Ball
3-0: Base on Balls
Richard Stroud to third
Robin Dobson to second
Batting: SHB Chris Woods 0-0: Called Strike
0-1: Called Strike
0-2: Ground out 4-3 (Groundball, 34)
Bottom of the 2nd over - 3 run(s), 4 hit(s), 0 error(s), 3 left on base; Villanova 0 - California 3
TOP OF THE 3RD
Villanova Wildcats batting - Pitching for California Golden Bears : RHP Steve Deal
Batting: RHB Leonardo Williams 0-0: Foul Ball, location: 2F
0-1: Swinging Strike
0-2: Ball
1-2: Ball
2-2: Foul Ball, location: 2F
2-2: Ground out 3-1 (Groundball, 34)
Batting: RHB Tomás Carranza 0-0: Ball
1-0: Fly out, F8 (Flyball, 8LS)
Batting: SHB Harry Goff 0-0: Ball
1-0: Fly out, F8 (Flyball, 6MD)
Top of the 3rd over - 0 run(s), 0 hit(s), 0 error(s), 0 left on base; Villanova 0 - California 3
BOTTOM OF THE 3RD
California Golden Bears batting - Pitching for Villanova Wildcats : RHP Royce Saunders
Batting: LHB Sergio Fernández 0-0: Called Strike
0-1: Called Strike
0-2: Ball
1-2: Foul Ball, location: 2F
1-2: Ground out 4-3 (Groundball, 4)
Batting: RHB Phil Garne 0-0: Ground out 6-3 (Groundball, 6)
Batting: RHB Marv Shepard 0-0: Called Strike
0-1: Called Strike
0-2: Ball
1-2: Ball
2-2: Strikes out looking
Bottom of the 3rd over - 0 run(s), 0 hit(s), 0 error(s), 0 left on base; Villanova 0 - California 3
TOP OF THE 4TH
Villanova Wildcats batting - Pitching for California Golden Bears : RHP Steve Deal
Batting: RHB Ben Hall 0-0: Ball
1-0: Called Strike
1-1: Ball
2-1: Ball
3-1: Called Strike
3-2: Foul Ball, location: 2F
3-2: DOUBLE (Flyball, 7LD)
Batting: RHB Luis Ibarra 0-0: 2-RUN HOME RUN (Flyball, 7D), Distance : 358 ft
Batting: RHB Gunner Allen 0-0: Called Strike
0-1: Foul Ball, location: 2F
0-2: Foul Ball, location: 2F
0-2: SINGLE (Groundball, 56D) (infield hit)
Batting: LHB Al Bartlett 0-0: Called Strike
0-1: Ball
1-1: Called Strike
Gunner Allen steals 2nd base
1-2: Ball
2-2: Foul Ball, location: 2F
2-2: Foul Ball, location: 2F
2-2: Strikes out swinging
Batting: RHB Ken Craft 0-0: Ball
1-0: Ball
2-0: Ball
3-0: Base on Balls
Batting: LHB Steven Smith 0-0: Ball
1-0: Fly out, F8 (Flyball, 8LM)
Batting: RHB Leonardo Williams 0-0: Ground out U3 (Groundball, 3)
Top of the 4th over - 2 run(s), 3 hit(s), 0 error(s), 2 left on base; Villanova 2 - California 3
BOTTOM OF THE 4TH
California Golden Bears batting - Pitching for Villanova Wildcats : RHP Royce Saunders
Batting: RHB Richard Stroud 0-0: Ball
1-0: Ball
2-0: Ball
3-0: Called Strike
3-1: Foul Ball, location: 2F
3-2: Base on Balls
Batting: RHB Robin Dobson 0-0: Foul Ball, location: 2F
0-1: Ball
1-1: SINGLE (Groundball, 34D)
Richard Stroud to second
Runner from 2nd tries for 3rd, SAFE, throw made to third
Batting: SHB Jeff McGill 0-0: Ball
1-0: Fly out, F8 (Flyball, 8LS)
Batting: LHB Noah Gillespie 0-0: Ball
1-0: SINGLE (Flyball, 8RM)
Richard Stroud scores
Robin Dobson to second
Throwing error, E9
Robin Dobson scores
Noah Gillespie to second
Batting: RHB Júlio López 0-0: Ball
1-0: Called Strike
1-1: SINGLE (Groundball, 34D)
Noah Gillespie to third
Runner from 3rd tries for Home, SAFE, no throw or cutoff
Batting: SHB Chris Woods 0-0: TRIPLE (Groundball, 3L)
Júlio López scores
Batting: LHB Sergio Fernández 0-0: Called Strike
0-1: Ball
1-1: Fly out, F9 (Flyball, 9M)
Runner from 3rd tags up, SCORES, throw made
Batting: RHB Phil Garne 0-0: Called Strike
0-1: Swinging Strike
0-2: Ball
1-2: Ball
2-2: Strikes out looking
Bottom of the 4th over - 5 run(s), 4 hit(s), 1 error(s), 0 left on base; Villanova 2 - California 8
TOP OF THE 5TH
Villanova Wildcats batting - Pitching for California Golden Bears : RHP Steve Deal
Batting: RHB Tomás Carranza 0-0: Ball
1-0: Ball
2-0: Bunted foul
2-1: Ground out 4-3 (Groundball, 4)
Batting: SHB Harry Goff 0-0: Ball
1-0: Ball
2-0: Called Strike
2-1: Swinging Strike
2-2: Foul Ball, location: 2F
2-2: Ball
3-2: Fly out, F9 (Flyball, 9M)
Batting: RHB Ben Hall 0-0: Ball
Single, Error in OF, E7, batter to second base
Batting: RHB Luis Ibarra 0-0: Called Strike
0-1: Swinging Strike
0-2: Foul Ball, location: 2F
0-2: Ball
1-2: Ball
2-2: Strikes out looking
Top of the 5th over - 0 run(s), 1 hit(s), 1 error(s), 1 left on base; Villanova 2 - California 8
BOTTOM OF THE 5TH
California Golden Bears batting - Pitching for Villanova Wildcats : RHP Royce Saunders
Batting: RHB Marv Shepard 0-0: Called Strike
0-1: Ball
1-1: Ball
2-1: Foul Ball, location: 2F
2-2: Ball
3-2: Strikes out swinging
Batting: RHB Richard Stroud 0-0: Fly out, F3 (Popup, 13)
Batting: RHB Robin Dobson 0-0: Foul Ball, location: 2F
0-1: Ball
1-1: Ball
2-1: Foul Ball, location: 2F
2-2: Strikes out swinging, 2-3 out at first.
Bottom of the 5th over - 0 run(s), 0 hit(s), 0 error(s), 0 left on base; Villanova 2 - California 8
TOP OF THE 6TH
Villanova Wildcats batting - Pitching for California Golden Bears : RHP Steve Deal
Pitching: RHP Gregg Sullivan
Batting: RHB Gunner Allen 0-0: Ball
1-0: Ball
2-0: SINGLE (Flyball, 8RS)
Batting: LHB Al Bartlett 0-0: Foul Ball, location: 2F
0-1: Ball
1-1: Ball
2-1: Called Strike
Gunner Allen is caught stealing 2nd base
2-2: Ground out 3-1 (Groundball, 34S)
Batting: RHB Ken Craft 0-0: Ball
1-0: Ball
2-0: Foul Ball, location: 2F
2-1: SINGLE (Groundball, 5D)
Batting: LHB Steven Smith 0-0: 2-RUN HOME RUN (Flyball, 9LD), Distance : 312 ft
Batting: RHB Leonardo Williams 0-0: Ball
1-0: Ball
2-0: Ball
3-0: Base on Balls
Batting: RHB Tomás Carranza Pickoff Throw to First - Out!
Top of the 6th over - 2 run(s), 3 hit(s), 0 error(s), 0 left on base; Villanova 4 - California 8
BOTTOM OF THE 6TH
California Golden Bears batting - Pitching for Villanova Wildcats : RHP Royce Saunders
Batting: SHB Jeff McGill 0-0: Ball
1-0: Foul Ball, location: 2F
1-1: Ball
2-1: Ground out 4-3 (Groundball, 4)
Batting: LHB Noah Gillespie 0-0: Ball
1-0: Called Strike
1-1: Foul Ball, location: 2F
1-2: Ball
2-2: Ground out 1-3 (Groundball, 13)
Batting: RHB Júlio López 0-0: Ball
1-0: Ball
2-0: Foul Ball, location: 2F
2-1: Ball
3-1: Swinging Strike
3-2: Base on Balls
Pitching: RHP John Walker
Batting: SHB Chris Woods 0-0: Ball
1-0: Ground out 4-3 (Groundball, 4)
Bottom of the 6th over - 0 run(s), 0 hit(s), 0 error(s), 1 left on base; Villanova 4 - California 8
TOP OF THE 7TH
Villanova Wildcats batting - Pitching for California Golden Bears : RHP Gregg Sullivan
Batting: RHB Tomás Carranza 0-0: Fly out, F9 (Flyball, 9M)
Batting: SHB Harry Goff 0-0: Fly out, F6 (Popup, 56D)
Batting: RHB Ben Hall 0-0: Ball
1-0: Ball
2-0: Ground out 4-3 (Groundball, 4)
Top of the 7th over - 0 run(s), 0 hit(s), 0 error(s), 0 left on base; Villanova 4 - California 8
BOTTOM OF THE 7TH
California Golden Bears batting - Pitching for Villanova Wildcats : RHP John Walker
Batting: LHB Sergio Fernández 0-0: Ball
1-0: Foul Ball, location: 2F
1-1: Swinging Strike
1-2: DOUBLE (Flyball, 9LM)
Batting: RHB Phil Garne 0-0: Ball
1-0: Ball
2-0: Called Strike
2-1: Ground out 1-3 (Groundball, 15S)
Batting: RHB Marv Shepard 0-0: Intentional Walk
Batting: RHB Richard Stroud 0-0: Called Strike
0-1: Ball
1-1: SINGLE (Line Drive, 7LS)
Sergio Fernández to third
Marv Shepard to second
Batting: RHB Robin Dobson 0-0: Ball
1-0: Ball
2-0: Ball
3-0: Called Strike
3-1: Base on Balls
Sergio Fernández scores
Marv Shepard to third
Richard Stroud to second
Batting: SHB Jeff McGill 0-0: Ball
1-0: Called Strike
1-1: Fly out, F5 (Popup, 25F)
Batting: LHB Noah Gillespie 0-0: Ground out U3 (Groundball, 3)
Bottom of the 7th over - 1 run(s), 2 hit(s), 0 error(s), 3 left on base; Villanova 4 - California 9
TOP OF THE 8TH
Villanova Wildcats batting - Pitching for California Golden Bears : RHP Gregg Sullivan
Pitching: RHP Aurelio Vásquez
Now in LF: Jeff West
Batting: RHB Luis Ibarra 0-0: Swinging Strike
0-1: Fly out, F9 (Flyball, 9M)
Batting: RHB Gunner Allen 0-0: Called Strike
0-1: Ball
1-1: Swinging Strike
1-2: Ground out 5-3 (Groundball, 56)
Batting: LHB Al Bartlett 0-0: Called Strike
0-1: Ball
1-1: Ball
2-1: Ball
3-1: Called Strike
3-2: Foul Ball, location: 2F
3-2: Foul Ball, location: 2F
3-2: Base on Balls
Batting: RHB Ken Craft 0-0: DOUBLE (Flyball, 89M)
Al Bartlett to third
Batting: LHB Steven Smith 0-0: Swinging Strike
0-1: Fly out, F8 (Flyball, 8LM)
Top of the 8th over - 0 run(s), 1 hit(s), 0 error(s), 2 left on base; Villanova 4 - California 9
BOTTOM OF THE 8TH
California Golden Bears batting - Pitching for Villanova Wildcats : RHP John Walker
Batting: RHB Júlio López 0-0: Foul Ball, location: 2F
0-1: Ball
1-1: Foul Ball, location: 2F
1-2: Strikes out swinging
Pitching: RHP Michael Díaz
Batting: SHB Chris Woods 0-0: Swinging Strike
0-1: Called Strike
0-2: Strikes out swinging
Batting: LHB Sergio Fernández 0-0: Ball
1-0: Called Strike
1-1: Swinging Strike
1-2: Ball
2-2: Foul Ball, location: 2F
2-2: Foul Ball, location: 2F
2-2: Ball
3-2: Fly out, F8 (Flyball, 8RM)
Bottom of the 8th over - 0 run(s), 0 hit(s), 0 error(s), 0 left on base; Villanova 4 - California 9
TOP OF THE 9TH
Villanova Wildcats batting - Pitching for California Golden Bears : RHP Aurelio Vásquez
Pitching: RHP Ricardo Martínez
Now at SS: Pat Bray
Batting: RHB Leonardo Williams 0-0: Foul Ball, location: 2F
0-1: Called Strike
0-2: Strikes out swinging
Batting: RHB Tomás Carranza 0-0: Ball
1-0: Called Strike
1-1: Foul Ball, location: 2F
1-2: Fly out, F9 (Flyball, 89M)
Batting: SHB Harry Goff 0-0: Ground out 1-3 (Groundball, 13S)
Top of the 9th over - 0 run(s), 0 hit(s), 0 error(s), 0 left on base; Villanova 4 - California 9
This league is powered by Out of the Park Baseball, the baseball management simulation game for PC, Mac and Linux
Saturday, April 9th, 2016 - OOTP Baseball 16.8 Build 38